 Dungeon Crawl Stone Soup version 0.14-a0-1029-g9530a8b (webtiles) character file.

55 PolkaDot the Ruinous (level 3, -1/24 HPs)
             Began as a Vampire Conjurer on Nov 23, 2013.
             Slain by a gnoll
             ... wielding a +1,+1 spear
              (7 damage)
             ... on Level 2 of the Dungeon.
             The game lasted 00:03:10 (1182 turns).

PolkaDot the Ruinous (Vampire Conjurer)             Turns: 1182, Time: 00:03:11

HP  -1/24        AC  2     Str  7      XL: 3   Next:  5%
MP   0/6         EV 12     Int 18      God:
Gold 25          SH  0     Dex 14      Spells:  2 memorised,  1 level left

Res.Fire  : . . .   See Invis. : +   l - +1,+0 elf short sword
Res.Cold  : . . .   Warding    : .   a - +0 robe
Life Prot.: + . .   Conserve   : .   (no shield)
Res.Poison: +       Res.Corr.  : .   (no helmet)
Res.Elec. : .       Clarity    : .   (no cloak)
Sust.Abil.: . .     Spirit.Shd : .   (no gloves)
Res.Mut.  : .       Stasis     : .   (no boots)
Res.Rott. : .       Flight     : .   (no amulet)
Saprovore : . . .                    (no ring)
                                     j - ring of poison resistance {unknown}

@: slightly resistant to hostile enchantments, stealthy
A: fangs 3, see invisible, unbreathing
a: Bat Form


You were on level 2 of the Dungeon.
You were not thirsty.

You visited 1 branch of the dungeon, and saw 2 of its levels.

You collected 25 gold pieces.

Inventory:

Hand weapons
 l - a +1,+0 elven short sword (weapon)
Armour
 a - a +0 robe (worn)
Scrolls
 e - 4 scrolls of identify {unknown}
 f - a scroll of curse armour {unknown}
 h - a scroll of fog {unknown}
 i - a scroll of fear {unknown}
 m - a scroll of remove curse {unknown}
 n - a scroll of magic mapping {unknown}
Jewellery
 j - a ring of poison resistance (left hand) {unknown}
Potions
 b - a potion of blood
 d - 2 potions of curing {unknown}
 g - a potion of resistance {unknown}
 k - a potion of magic {unknown}
Books
 c - a book of Conjurations

   Spells                             Type                      Level
   *Magic Dart                        Conjuration                  1
   *Searing Ray                       Conjuration                  2
   Dazzling Spray                     Conjuration/Hexes            3
   Iskenderun's Mystic Blast          Conjuration                  4
   Iskenderun's Battlesphere          Conjuration/Charms           4
   Fulminant Prism                    Conjuration/Hexes            5


   Skills:
 - Level 2.1 Dodging
 - Level 3.0 Stealth
 - Level 1.0 Spellcasting
 * Level 3.7 Conjurations


You had one spell level left.
You knew the following spells:

 Your Spells              Type           Power        Failure   Level  Hunger
s - Searing Ray           Conj           ##....       8%          2    ###....
z - Magic Dart            Conj           ##..         4%          1    ##.....


Dungeon Overview and Level Annotations

Branches:
Dungeon (2/16)

Altars:


Innate Abilities, Weirdness & Mutations

You have razor-sharp teeth.*
You have supernaturally acute eyesight.
You can survive without breathing.*


Message History

You barely miss the gnoll.
The gnoll is almost dead.
The gnoll hits you with a spear.
You hit the gnoll but do no damage.
The gnoll is almost dead.
The gnoll closely misses you. The gnoll hits you with a spear!
* * * LOW HITPOINT WARNING * * *
You closely miss the gnoll. You bite the gnoll.
The gnoll is almost dead.
The gnoll closely misses you. The gnoll hits you but does no damage.
Casting: Searing Ray
Confirm with . or Enter, or press ? or * to list all spells.
Aiming: Magic Dart
Press: ? - help, Shift-Dir - straight line, f/p - gnoll
Aim: a gnoll, wielding a spear and wearing an orcish robe (almost dead, moving very quickly)
The magic dart hits the gnoll.
The gnoll is almost dead.
* * * LOW MAGIC WARNING * * *
The gnoll hits you with a spear!
You die...

... ....##..
......... .........
..........
.....#....
#...#...#######
..........g@...#
#####...####..#
#...####..#
#.###.....# ###.
#.....#
#...###.....#.##.
..g................
#......<##....#..
..................


You could see a gnoll.

Vanquished Creatures
  A gnoll (D:2)
  2 oozes (D:1)
  3 hobgoblins
  5 kobolds (D:1)
  3 bats (D:1)
  A giant cockroach (D:1)
  A giant newt (D:1)
  2 goblins
  2 rats (D:1)
20 creatures vanquished.

Notes
Turn   | Place    | Note
--------------------------------------------------------------
     0 | D:1      | PolkaDot, the Vampire Conjurer, began the quest for the Orb.
     0 | D:1      | Reached XP level 1. HP: 13/13 MP: 4/4
   425 | D:1      | Reached XP level 2. HP: 13/19 MP: 1/5
   958 | D:2      | Learned a level 2 spell: Searing Ray
   963 | D:2      | Reached XP level 3. HP: 7/24 MP: 1/6
  1182 | D:2      | Slain by a gnoll

Action                   || total
-------------------------++-------
Melee: Unarmed           ||    15
       Short sword       ||    13
 Cast: Magic Dart        ||    41
       Searing Ray       ||     2
